 Dungeon Crawl Stone Soup version 0.21.1-1-g345015f (webtiles) character file.

256 eccles the Cudgeler (level 5, -5/47 HPs)
             Began as a Minotaur Berserker on Apr 25, 2018.
             Was a Believer of Trog.
             Slain by an ogre
             ... wielding a +0 giant spiked club
              (14 damage)
             ... on level 3 of the Dungeon.
             The game lasted 00:11:56 (2007 turns).

eccles the Cudgeler (Minotaur Berserker)            Turns: 2007, Time: 00:11:57

Health: -5/47      AC: 11    Str: 26    XL:     5   Next: 92%
Magic:  4/4        EV:  9    Int:  5    God:    Trog [**....]
Gold:   261        SH:  0    Dex: 10    Spells: 4/4 levels left

rFire    . . .     SeeInvis .   a - +0 mace
rCold    . . .     Gourm    .   (no shield)
rNeg     . . .     Faith    .   k - +1 chain mail
rPois    .         Spirit   .   (helmet restricted)
rElec    .         Reflect  .   (no cloak)
rCorr    .         Harm     .   s - +0 pair of gloves (curse)
MR       .....                  (no boots)
Stlth    ..........             (no amulet)
HPRegen  0.15/turn              (no ring)
MPRegen  0.09/turn              (no ring)

@: confused, mighty
A: retaliatory headbutt, horns 2
a: Berserk, Trog's Hand, Burn Spellbooks, Renounce Religion


You were on level 3 of the Dungeon.
You worshipped Trog.
Trog was pleased with you.
You were not hungry.

You visited 1 branch of the dungeon, and saw 3 of its levels.

You collected 261 gold pieces.

Inventory:

Hand Weapons
 a - a +0 mace (weapon)
Missiles
 e - 2 tomahawks (quivered)
Armour
 b - a +0 animal skin
 d - a +0 leather armour
 i - a +0 chain mail
 k - a +1 chain mail (worn)
 l - a +0 ring mail
 s - a cursed +0 pair of gloves (worn)
Jewellery
 f - an uncursed ring of protection from cold
Wands
 q - a wand of flame (10)
 t - a wand of paralysis (19)
Scrolls
 j - a scroll of identify
 m - a scroll of enchant weapon
 o - a scroll of remove curse
 r - a scroll of random uselessness {unknown}
Potions
 g - a potion of agility
 h - a potion of brilliance
Comestibles
 c - a ration
 p - 2 chunks of flesh


   Skills:
 + Level 4.7 Fighting
 + Level 6.1 Maces & Flails
 + Level 4.0 Armour
 + Level 3.2 Dodging


You had 4 spell levels left.
You didn't know any spells.

Dungeon Overview and Level Annotations

Branches:
Dungeon (3/15)

Altars:
Dithmenos

Annotations:
D:3 Sigmund


Innate Abilities, Weirdness & Mutations

You reflexively headbutt those who attack you in melee.
You have a pair of horns on your head.


Message History

You're too confused!
Sigmund hits you from afar with a scythe!
* * * LOW HITPOINT WARNING * * *
Okay, then.
You remove your ring of protection from cold.
You're too confused!
Unknown command.
You're too confused!
You're too confused!
You're too confused to move!
Sigmund barely misses you.
Sigmund gestures wildly while chanting.
Sigmund flickers and vanishes!
Deactivating autopickup; reactivate with Ctrl-A.
You feel less confused. The ogre misses you.
Some of the chunks of flesh in your inventory have rotted away.
You are confused.
You're too confused to move!
The ogre hits you with a giant spiked club!
You die...

..#.... ... #........#........
.......##..###...###'###.......
#.#..#...................)..#.. .
#.#..#...............)......#.#
.##.#..#.##...................#.#
....#.............####........#.#
...........#.................##..
....#......##.#...####.###...##..
.##........##.#.@.####.###...##..
# ###......##.#.O.......##...##..
#......##.#.........##...##..
#......##.#.........##.......
#........................##.#
#...................##...##.#
#......##.####......##.......
#......##.# #......##.......
#########.# #......##.#.##.#


You could see an ogre.

Vanquished Creatures
  The ghost of elendilve the Grave Robber, an amateur DsNe (D:3)
  Jessica (D:2)
  Ijyb (D:3)
  2 adders
  2 worms
  2 dart slugs (D:1)
  A leopard gecko (D:1)
  6 bats
  6 goblins
  9 hobgoblins
  6 jackals
  9 kobolds
  A quokka (D:3)
  A ball python (D:1)
  2 frilled lizards
  7 rats
57 creatures vanquished.

Notes
Turn   | Place    | Note
-------+----------+-------------------------------------------
     0 | D:1      | eccles the Minotaur Berserker began the quest for the Orb.
     0 | D:1      | Reached XP level 1. HP: 19/19 MP: 0/0
   124 | D:1      | Reached XP level 2. HP: 24/27 MP: 1/1
   151 | D:1      | Reached skill level 4 in Maces & Flails
   942 | D:2      | Reached ** piety under Trog
   942 | D:2      | Reached XP level 3. HP: 33/33 MP: 2/2
  1486 | D:2      | Found a shadowy altar of Dithmenos.
  1525 | D:2      | Noticed Jessica
  1533 | D:2      | Killed Jessica
  1533 | D:2      | Reached XP level 4. HP: 41/41 MP: 3/3
  1663 | D:3      | Reached skill level 5 in Maces & Flails
  1671 | D:3      | Noticed elendilve's ghost (amateur DsNe)
  1685 | D:3      | Killed elendilve's ghost
  1685 | D:3      | Reached XP level 5. HP: 23/47 MP: 4/4
  1754 | D:3      | Noticed Ijyb
  1781 | D:3      | Killed Ijyb
  1781 | D:3      | Reached skill level 6 in Maces & Flails
  1975 | D:3      | Noticed Sigmund
  1982 | D:3      | Noticed an ogre
  2007 | D:3      | Slain by an ogre

Skill      XL: |  1  2  3  4  5 |
---------------+----------------+-----
Fighting       | 4 |  4.7
Maces & Flails | 4 5 6 |  6.1
Armour         | 3 4 |  4.0
Dodging        | 3 |  3.2

Action                   |  1- 3 |  4- 6 || total
-------------------------+-------+-------++-------
Melee: Mace              |    82 |    66 ||   148
       Headbutt          |    12 |    10 ||    22
Invok: Berserk           |       |     2 ||     2
Evoke: Wand              |       |     4 ||     4
  Use: Scroll            |     8 |     1 ||     9
       Potion            |     3 |     1 ||     4
  Eat: Chunk             |     1 |     4 ||     5
Armor: Leather armour    |     5 |       ||     5
       Ring mail         |     2 |       ||     2
       Chain mail        |    29 |    43 ||    72
Dodge: Dodged            |    59 |    31 ||    90
